 Dungeon Crawl Stone Soup version 0.31-a0-263-ge8cad7f256 (webtiles) character file.

Game seed: 3802905116207524086

106 cforsyth the Changeling (level 4, 0/44 HPs)
             Began as an Ogre Shapeshifter on July 13, 2023.
             Slain by a gnoll
             ... wielding a +0 flail
              (9 damage)
             ... on level 3 of the Dungeon.
             The game lasted 00:02:58 (2311 turns).

cforsyth the Changeling (Ogre Shapeshifter)         Turns: 2311, Time: 00:02:58

Health: 0/44       AC:  3    Str: 21    XL:     4   Next: 84%
Magic:  4/4        EV:  9    Int:  9    God:
Gold:   48         SH:  0    Dex:  9    Spells: 3/3 levels left

rFire   . .          .
                       - Unarmed
rCold   + . .        (no shield)
rNeg    . . .        a - +0 animal skin
rPois   .            (helmet currently unavailable)
rElec   .            (cloak currently unavailable)
rCorr   .            (gloves unavailable)
SInv    .            (boots unavailable)
Will    .....        (no amulet)
Stlth   +            d - ring of protection from cold
HPRegen 0.27/turn    (no ring)
MPRegen 0.09/turn

%: no passive effects
@: beast-form
A: beast (slay +2), large, unfitting armour, tough skin 1
a: Begin Untransformation


You were on level 3 of the Dungeon.
You were a hulking beast.
You visited 1 branch of the dungeon, and saw 3 of its levels.

You collected 48 gold pieces.

Inventory:

Armour
 a - a +0 animal skin (worn)
Jewellery
 d - a ring of protection from cold (left hand)
Talismans
 c - a beast talisman
Scrolls
 e - a scroll of revelation {unknown}
 g - a scroll of identify {unknown}
 h - a scroll of blinking {unknown}
 j - a scroll of fog {unknown}
 k - a scroll of vulnerability {unknown}
 l - 3 scrolls of noise {unknown}
Potions
 b - a potion of lignification
 f - a potion of curing {unknown}
 i - a potion of heal wounds {unknown}


   Skills:
 - Level 2.6 Fighting
 - Level 1.7 Dodging
 + Level 3.3 Unarmed Combat
 + Level 4.0 Shapeshifting


You had 3 spell levels left.
You didn't know any spells.
Your spell library contained the following spells:

 Spells                   Type           Power      Damage    Failure   Level
 Sandblast                Erth           0%         2d4       38%         1
 Passwall                 Tmut/Erth      0%         N/A       52%         2
 Inner Flame              Hex/Fire       0%         N/A       77%         3
 Stone Arrow              Conj/Erth      0%         3d7       77%         3
 Yara's Violent Unravell  Hex/Tmut       0%         3d3       100%        5
 Enfeeble                 Hex            0%         N/A       100%        7


Dungeon Overview and Level Annotations

Branches:
Dungeon (3/15)

Altars:

Shops:
D:2 ?[*[[


Innate Abilities, Weirdness & Mutations

You are a hulking beast.
Your limbs bulge with bestial killing power. (Slay +2)
You are too large for most types of armour.
You have tough skin. (AC +1)


Message History

Things that are here:
a +0 flail; a gnoll corpse You hit the gnoll.
The gnoll is heavily wounded.
The gnoll hits you with a +0 flail!
You barely miss the gnoll.
The gnoll is heavily wounded.
The gnoll closely misses you.
You closely miss the gnoll.
The gnoll is heavily wounded.
The gnoll hits you with a +0 flail.
You closely miss the gnoll.
The gnoll is heavily wounded.
The gnoll hits you with a +0 flail!
You are too injured to fight recklessly!
You are too injured to fight recklessly!
You are too injured to fight recklessly!
You are too injured to fight recklessly!
You are too injured to fight recklessly!
You are too injured to fight recklessly!
You are too injured to fight recklessly!
You are too injured to fight recklessly!
You closely miss the gnoll.
The gnoll is heavily wounded.
The gnoll closely misses you.
You closely miss the gnoll.
The gnoll is heavily wounded.
The gnoll hits you with a +0 flail!
* * * LOW HITPOINT WARNING * * *
You barely miss the gnoll.
The gnoll is heavily wounded.
The gnoll hits you with a +0 flail.
* * * LOW HITPOINT WARNING * * *
You hit the gnoll but do no damage.
The gnoll is heavily wounded.
The gnoll barely misses you.
You hit the gnoll.
The gnoll is severely wounded.
The gnoll hits you with a +0 flail!
You die...

# #.# .. :#?.
... #... ....
...
.....#####..####
#.....#......
#..gh....#
#...###.#...<.
#.#####.# ###
#.....#
#.#..........
#.#.#########
#.#.# #.#.#
#.#.#


You could see a gnoll.

Vanquished Creatures
  5 gnolls
  2 adders (D:2)
  3 endoplasms
  A giant cockroach (D:1)
  4 hobgoblins
  2 kobolds (D:1)
  2 quokkas (D:1)
  5 ball pythons
  6 bats
  2 frilled lizards
  4 goblins
  4 rats
40 creatures vanquished.

Notes
Turn   | Place    | Note
-------+----------+-------------------------------------------
     0 | D:1      | cforsyth the Ogre Shapeshifter began the quest for the Orb.
     0 | D:1      | Reached XP level 1. HP: 22/22 MP: 1/1
   129 | D:1      | Reached XP level 2. HP: 26/29 MP: 2/2
   678 | D:1      | Reached XP level 3. HP: 31/36 MP: 3/3
  1150 | D:2      | Found Ebaf's Antique Armour Shop.
  1152 | D:2      | Found Xulead Come's Assorted Antiques.
  1163 | D:2      | Found Pooqinun's Antique Armour Shop.
  1168 | D:2      | Found Pugej's Antique Armour Shoppe.
  1620 | D:1      | Reached XP level 4. HP: 30/44 MP: 4/4
  2129 | D:2      | Found Vysaavvo's Magic Scroll Shoppe.
  2262 | D:3      | Identified the +2 pair of boots "Orpheheh" {Int+5}
  2302 | D:3      | Reached skill level 4 in Shapeshifting
  2311 | D:3      | Slain by a gnoll

Illustrated notes

Levels and vault maps discovered:
D:1:      spicycebolla_green_bress_n_ham, layout_basic
D:2:      layout_basic, serial_shops, nicolae_shop_hallway_plus,
          nicolae_shop_dealshenge, shop, shop_scrolls, shop
D:3:      layout_basic, mainiacjoe_overflow_big_doors,
          hellmonk_ecumenical_altar_dog_temple, kennysheep_flooded_box

Skill      XL: |  1  2  3  4 |
---------------+-------------+-----
Unarmed Combat | 2 3 |  3.3
Shapeshifting  | 4 |  4.0
Fighting       | |  2.6
Dodging        | |  1.7

Action                     |  1- 3 |  4- 6 || total
---------------------------+-------+-------++-------
  Melee: Unarmed           |   108 |    31 ||   139
         Punch             |     4 |       ||     4
   Stab: Sleeping          |     1 |       ||     1
 Armour: Animal skin       |    56 |       ||    56
  Dodge: Dodged            |    53 |    14 ||    67

Table legend: (Time is in decaauts)
 A = Elapsed time spent in this place.
 B = Non-inter-level travel time spent in this place.
 C = Inter-level travel time spent in this place.
 D = Time resting spent in this place.
 E = Time spent auto-exploring this place.
 F = Levels seen in this place.
 G = Mean time per level.
                   A        B        C        D        E       F      G
               +--------+--------+--------+--------+--------+-----+--------+
         Total |   2306 |   2196 |    110 |    184 |   1617 |   3 |  768.7 |
       Dungeon |   2306 |   2196 |    110 |    184 |   1617 |   3 |  768.7 |
               +--------+--------+--------+--------+--------+-----+--------+

Top non-repeatable levels by time:
     D:1: 1237 daAuts
     D:2: 980 daAuts
     D:3: 89 daAuts
